Map: Echo LE (Void)

Players

Musumeci - Winner!

  • Race: Zerg Zerg
  • League: Diamond
  • Spawn Location: 11:00

HauWeniger

  • Race: Terran Terran
  • League: Diamond
  • Spawn Location: 5:00

VOD

Have the link to the VOD?

Description

Time

  • Played on: Jan. 11, 2017, 2:02 p.m.
  • Length: 16:46
Show
View Real Time Build Order
Export as new Build Order

Musumeci Zerg - Winner!

Build Orders: Hatch First 

Get SALT Encoding   

  12  0:00  Drone  
  13  0:08  Drone  
  14  0:14  Extractor  
  14  0:16  Drone  
  15  0:40  Hatchery  
  14  0:49  Extractor  
  13  0:50  Drone  
  15  1:02  Spawning Pool  
  14  1:11  Drone, Extractor  
  14  1:12  Drone, Extractor  
  14  1:20  Overlord  
  16  1:38  Drone x2  
  18  1:49  Queen  
  18  1:50  Drone  
  18  1:51  Queen  
  23  1:55  Drone  
  23  1:59  Drone  
  25  2:03  Drone  
  25  2:08  Overlord  
  26  2:24  Queen  
  26  2:27  Queen  
  26  2:28  Drone  
  30  2:38  Drone x3  
  30  2:39  Drone  
  34  2:46  Overlord  
  34  2:52  Drone x2  
  36  3:08  Drone x7  
  36  3:12  Extractor x2  
  42  3:15  Roach Warren  
  42  3:19  Drone x2  
  42  3:23  Drone  
  43  3:28  Drone  
  44  3:44  Overlord x2  
  44  3:58  Hatchery  
  43  4:03  Roach x5  
  43  4:08  Evolution Chamber  
  43  4:09  Drone x3, Evolution Chamber  
  55  4:10  Drone  
  55  4:20  Drone x3  
  55  4:23  Extractor  
  58  4:24  Drone  
  58  4:26  Lair  
  58  4:29  Drone  
  58  4:31  Extractor  
  58  4:32  Drone x2  
  60  4:43  Overlord x2  
  60  5:04  Drone x2  
  62  5:09  Zerg Ground Armor Level 1, Zerg Missile Weapons Level 1  
  62  5:11  Drone  
  62  5:12  Drone x4  
  67  5:26  Drone x3  
  70  5:30  Extractor  
  70  5:34  Drone x3, Spore Crawler x2  
  70  5:35  Spore Crawler  
  69  5:36  Drone x2, Spore Crawler x2  
  69  5:52  Roach  
  69  5:53  Roach x5  
  81  6:17  Overlord x6  
  81  6:24  Extractor  
  80  6:38  Roach  
  80  6:39  Roach x15  
  112  6:42  Ravager x4  
  116  7:02  Roach  
  116  7:03  Overlord x4  
  116  7:16  Drone x6  
  122  7:32  Drone x3  
  125  7:37  Drone x6  
  125  7:39  Spore Crawler x2  
  125  7:42  Zerg Missile Weapons Level 2, Zerg Ground Armor Level 2  
  129  7:46  Ravager x2  
  129  7:47  Infestation Pit, Ravager x7  
  129  7:49  Spore Crawler  
  136  7:52  Overlord  
  136  8:18  Roach x7  
  136  8:19  Roach x2  
  154  8:24  Hatchery  
  153  8:55  Drone  
  154  8:56  Overlord x4  
  154  9:01  Hive  
  154  9:12  Overlord  
  154  9:13  Overlord x5  
  154  9:14  Extractor  
  145  9:24  Glial Reconstitution  
  145  9:28  Roach x8  
  145  9:29  Roach x9  
  173  9:34  Ravager x11  
  184  9:39  Roach x4  
  180  10:44  Drone x2  
  180  10:45  Drone x2  
  180  10:47  Drone x10  
  185  10:56  Drone x6  
  191  11:01  Drone x5  
  196  11:04  Ravager x4  
  196  11:08  Zerg Missile Weapons Level 3  
  196  11:09  Zerg Ground Armor Level 3  
  171  12:08  Roach Warren  
  161  12:13  Drone x7  
  161  12:14  Drone x3  
  170  12:19  Queen  
  168  12:31  Roach Warren  
  167  12:41  Hatchery  
  166  12:44  Lair  
  166  12:47  Spine Crawler  
  166  12:49  Spine Crawler  
  166  12:50  Spine Crawler  
  163  12:53  Spine Crawler  
  163  12:54  Spine Crawler  
  163  12:55  Spine Crawler  
  163  12:56  Drone x10  
  163  12:57  Drone x3  
  172  12:59  Spine Crawler  
  172  13:00  Spine Crawler  
  172  13:01  Spine Crawler x3  
  172  13:02  Spine Crawler x2  
  165  13:09  Spine Crawler, Drone x3  
  165  13:10  Drone x3  
  168  13:45  Ravager x17  
  185  14:02  Spore Crawler  
  185  14:03  Spore Crawler x2  
  185  14:04  Spore Crawler  
  185  14:05  Spine Crawler  
  185  14:07  Spore Crawler  
  185  14:08  Spine Crawler  
  185  14:09  Drone x12  
  190  14:10  Spine Crawler  
  190  14:12  Spine Crawler  
  190  14:14  Queen  
  190  14:15  Spine Crawler  
  189  14:35  Infestation Pit  
  188  14:48  Spore Crawler  
  188  14:49  Spore Crawler  
  188  14:51  Spore Crawler  
  181  15:25  Spore Crawler  
  181  15:27  Spore Crawler  
  179  15:29  Queen  
  163  15:58  Hatchery  
  147  16:16  Drone x8  
  152  16:22  Drone x5  
  157  16:35  Extractor  
  157  16:36  Hatchery  
  157  16:39  Extractor  
Show
View Real Time Build Order
Export as new Build Order

HauWeniger Terran 

Build Orders: Reaper Expand, MMM Bio 

Get SALT Encoding   

  12  0:00  SCV  
  13  0:13  SCV  
  14  0:17  Supply Depot  
  14  0:25  SCV  
  14  0:28  Refinery  
  15  0:39  SCV  
  16  0:45  Barracks  
  16  0:51  SCV  
  17  1:03  SCV  
  18  1:17  SCV  
  19  1:31  Orbital Command  
  19  1:33  Reaper  
  20  1:45  Command Center  
  20  1:55  Factory  
  20  1:58  SCV  
  21  2:06  Supply Depot  
  21  2:09  Barracks Reactor  
  21  2:12  SCV  
  22  2:24  SCV  
  23  2:38  SCV  
  23  2:40  Factory Reactor  
  23  2:42  Refinery  
  23  2:44  Barracks  
  24  2:49  Bunker, Marine x2  
  26  2:53  SCV  
  27  3:05  SCV  
  28  3:08  Marine x2  
  28  3:10  Barracks  
  30  3:14  Orbital Command  
  30  3:23  Hellion  
  32  3:27  Hellion  
  32  3:30  SCV  
  35  3:34  Barracks Tech Lab  
  35  3:39  Marine x2  
  37  3:42  SCV  
  38  3:55  SCV x2, Hellion x2  
  44  3:56  Marine  
  44  3:58  Barracks Reactor  
  45  4:02  Stimpack  
  45  4:10  Starport  
  45  4:11  Marine  
  46  4:19  Marine  
  47  4:26  Supply Depot  
  47  4:28  Supply Depot  
  47  4:29  Supply Depot  
  47  4:31  SCV  
  47  4:32  SCV  
  47  4:33  Marine x2  
  47  4:35  Widow Mine  
  53  4:39  Marine  
  52  4:58  Marine  
  52  4:59  Marauder, Marine x2  
  55  5:00  Starport Reactor  
  55  5:01  SCV x2  
  57  5:08  Refinery  
  57  5:09  Refinery  
  57  5:14  Barracks  
  57  5:15  SCV x2  
  57  5:19  Widow Mine  
  57  5:20  Widow Mine  
  63  5:22  Marine  
  63  5:23  Marine  
  65  5:38  SCV  
  65  5:39  SCV, Marine, Command Center  
  65  5:41  Marauder  
  70  5:46  Medivac, Supply Depot  
  70  5:48  Medivac  
  74  5:55  Widow Mine x2  
  78  6:13  Marine x3  
  78  6:14  Marauder  
  78  6:18  SCV x2, Barracks, Barracks Tech Lab  
  84  6:20  Supply Depot  
  84  6:22  Supply Depot, Engineering Bay  
  85  6:30  SCV  
  86  6:42  Medivac  
  86  6:46  Marine  
  86  6:47  Marauder x2, Marine x2  
  93  6:49  Widow Mine x2  
  95  7:15  Marine x2  
  94  7:16  Marauder x2  
  95  7:32  Widow Mine x2, Medivac x2  
  95  7:33  SCV x2  
  105  7:38  Marauder  
  105  7:40  Barracks  
  107  7:45  SCV, Terran Infantry Weapons Level 1  
  107  7:48  Engineering Bay  
  107  7:50  SCV  
  109  7:57  SCV  
  110  7:59  Marine  
  110  8:00  Marauder x2, Marine  
  116  8:05  Supply Depot  
  116  8:09  Medivac  
  116  8:10  SCV x2  
  116  8:11  Marine x2  
  121  8:32  Marine  
  121  8:33  Marauder x2, Barracks Reactor  
  123  8:34  Widow Mine x2  
  123  8:38  Combat Shields  
  123  8:39  Concussive Shells  
  127  8:42  Terran Infantry Armor Level 1  
  127  8:44  Armory  
  127  8:54  Orbital Command  
  127  8:55  SCV x2  
  119  9:02  Supply Depot  
  119  9:07  Missile Turret, SCV x2  
  121  9:11  Marauder  
  121  9:12  Marauder, Marine  
  115  9:33  Marauder x2, Widow Mine, Marine x3  
  115  9:34  Widow Mine  
  115  9:35  Medivac x2  
  115  9:36  SCV x2  
  115  9:37  SCV  
  133  9:48  SCV  
  133  9:51  Marine x3  
  137  9:55  Marauder  
  137  9:57  Barracks, Barracks Tech Lab  
  137  9:59  Terran Infantry Weapons Level 2  
  139  10:02  Marine x3  
  139  10:03  SCV x2  
  139  10:05  Refinery  
  139  10:06  Refinery, Missile Turret  
  124  10:31  Marauder, Marine x3  
  124  10:32  Marauder x2, Marine  
  124  10:33  Medivac x2  
  129  10:35  Terran Infantry Armor Level 2  
  129  10:37  SCV x3  
  132  10:53  Marauder  
  132  10:54  Marauder, Marine x3  
  132  10:55  Marauder  
  131  10:57  Marine x3  
  131  10:59  SCV x2  
  131  11:03  Supply Depot  
  136  11:12  Marine x3  
  136  11:14  Marauder  
  136  11:15  Barracks Tech Lab  
  136  11:16  Marauder x2  
  145  11:18  Medivac  
  145  11:19  Medivac  
  128  11:36  Marauder  
  128  11:37  Marauder x2  
  124  11:44  Marine  
  124  11:45  Marauder, Marine  
  107  11:57  Marauder  
  90  12:03  Marauder x2, Marine  
  90  12:04  Marine x4  
  90  12:06  Marauder  
  95  12:16  Marine  
  95  12:18  Marauder  
  95  12:20  Marine  
  95  12:21  Marine  
  99  12:24  Marauder x2  
  99  12:27  Marauder  
  105  12:37  Medivac x2  
  92  12:46  Marauder x2, Marine x3  
  99  13:14  Marauder x4, Marine x2  
  102  13:37  Marauder x4, Medivac x2  
  114  14:04  Marauder x2, Marine x2  
  114  14:05  Marauder x2, Marine  
  125  14:26  Marauder x2, Marine  
  130  14:34  Marauder  
  132  14:46  Marauder  
  134  15:02  Marauder  
  98  15:31  Marauder x2, Marine x3  
Tags
 
Add a new tag
Caveats
  • Supply blocks, unpowered buildings, or Contaminate may cause inaccurate times.
  • Supply counts are checked every 10 seconds.